Match 34173154
Unlisted

Match 34173154
End
Kradschützen Motorcycle Team
Panzergrenadier Squad
Selects Armored Support Battlegroup
250 Light Carrier
Panzergrenadier Squad
Panzergrenadier Squad
Construct Light Support Kompanie
Selects Superior Fire Drills
Fire Support Elements
2.5-tonne Medical Truck
le.IG 18 Mechanized Group
Pak 38 Anti-tank Gun Team
Construct Panzerarmee Kommand
Panzerjäger Mechanized Group
Selects Salvage Kits
Selects Panzer Storm
Flakvierling Half-track
Panzer III L Medium Tank
Emergency Repair Kits
Armored Reserves
Selects Stuka Anti-tank Loiter
Pak 38 Mechanized Group
2.5-tonne Medical Truck
Tiger Heavy Tank
Rapid Advance
Stuka Anti-tank Loiter
Stuka Anti-tank Loiter
Panzer IV Assault Group
Stuka Anti-tank Loiter
Vehicle Survival Package
Walking Stuka Rocket Launcher
Panzer IV Assault Group
Stuka Anti-tank Loiter
Selects Flammpanzer III Medium Tank
Selects Command Panzer IV F Medium Tank
Tiger Heavy Tank
UH|dun! ツ
UH|ck
UH|XTC
iceman
Lord Flashheart
El Presidente
Hubal
JesterCDN
0
0

Comments sign in to comment!

No comments posted yet!